 Dungeon Crawl Stone Soup version 0.28.0-62-gf88900778d (webtiles) character file.

Game seed: 17523942233111684044

11732 cbfl8 the Cleaver (level 11, -1/87 HPs)
             Began as a Demonspawn Fighter on Sept 5, 2023.
             Was an Initiate of Hepliaklqana.
             Killed from afar by an oklob plant (19 damage)
             ... with a splash of acid
             ... on level 10 of the Dungeon on Sept 6, 2023.
             The game lasted 00:13:43 (10830 turns).

cbfl8 the Cleaver (Demonspawn Fighter)             Turns: 10830, Time: 00:13:44

Health: -1/87      AC:  9    Str: 16    XL:     11   Next: 53%
Magic:  11/11      EV:  5    Int: 10    God:    Hepliaklqana [......]
Gold:   790        SH: 12    Dex: 23    Spells: 10/10 levels left

rFire   . . .      SeeInvis +   m - +0 broad axe (drain)
rCold   . . .      Faith    .   t - +0 kite shield
rNeg    . . .      Spirit   .   i - +3 chain mail {rPois}
rPois   +          Reflect  .   (helmet restricted)
rElec   .          Harm     .   (no cloak)
rCorr   .          Rampage  .   q - +2 pair of gloves
Will    +....                   (no boots)
Stlth   ..........              B - amulet of regeneration
HPRegen 1.04/turn               b - ring of the Philosopher {Drain Fly Will+ SInv Stlth+}
MPRegen 0.12/turn               z - +6 ring of dexterity

@: mighty, corroded, flying, studying Fighting
A: horns 1, foul stench 2, powered by pain 2
a: Renounce Religion


You were on level 10 of the Dungeon.
You worshipped Hepliaklqana.
Hepliaklqana was noncommittal.
You visited 2 branches of the dungeon, and saw 11 of its levels.

You collected 1450 gold pieces.
You spent 660 gold pieces at shops.

Inventory:

Hand Weapons
 a - a +0 spectral war axe
 m - a +0 broad axe of draining (weapon)
Missiles
 x - 6 throwing nets (quivered)
Armour
 i - a +3 chain mail of poison resistance (worn)
 q - a +2 pair of gloves (worn)
 t - a +0 kite shield (worn)
Jewellery
 b - the ring of the Philosopher (left hand) {Drain Fly Will+ SInv Stlth+}
   (You acquired it on level 6 of the Dungeon)

   [ring of flight]

   SInv:      It lets you see invisible.
   Fly:       It grants you flight.
   Drain:     It drains your maximum health when unequipped.
   Will:      It increases your willpower.
   Stlth:     It makes you more stealthy.
 g - a ring of protection from cold
 n - a ring of protection from fire
 z - a +6 ring of dexterity (right hand)
 B - an amulet of regeneration (around neck)
 D - a +6 ring of strength
 E - a ring of positive energy
Wands
 k - a wand of iceblast (6)
 r - a wand of acid (11)
 w - a wand of flame (30)
 y - a wand of digging (5)
 F - a wand of polymorph (1)
Scrolls
 c - a scroll of silence
 h - 2 scrolls of fog
 j - 4 scrolls of teleportation
 u - a scroll of fear
 v - 4 scrolls of enchant weapon {unknown}
 A - a scroll of magic mapping
 G - a scroll of identify
Potions
 d - 4 potions of might
 e - 4 potions of flight {unknown}
 f - a potion of brilliance {unknown}
 l - a potion of mutation {unknown}
 o - 2 potions of magic {unknown}
 p - a potion of haste
 s - 2 potions of lignification {unknown}
 C - a potion of curing


   Skills:
 + Level 8.7 Fighting
 + Level 10.2 Axes
 + Level 8.4 Armour
 + Level 6.5 Shields
 + Level 0.1 Unarmed Combat
 * Level 9.2 Evocations


You had 10 spell levels left.
You didn't know any spells.
Your spell library contained the following spells:

 Spells                   Type           Power      Damage    Failure   Level
 Freeze                   Ice            0%         1d3       100%        1
 Frozen Ramparts          Ice            0%         1d2       100%        3
 Hailstorm                Conj/Ice       0%         3d3       100%        4


Dungeon Overview and Level Annotations

Branches:
Dungeon (10/15)            Temple (1/1) D:7            Lair (0/6) D:10
    Orc: D:9-12

Altars:
Ashenzari
Dithmenos
Elyvilon
Fedhas
Gozag
Hepliaklqana
Kikubaaqudgha
Makhleb
Nemelex Xobeh
Okawaru
Qazlal
Ru
Sif Muna
Trog
Uskayaw
Vehumet
Wu Jian
Xom
Yredelemnul
Zin
The Shining One

Shops:
D:3 !   D:6 :[   D:10 :

Annotations:
D:4 1 transporter, cbfl8's ghost, novice GrBe
D:10 exclusion: oklob plant


Innate Abilities, Weirdness & Mutations

You have a pair of small horns on your head.
You sometimes emit foul miasma when damaged in melee.
You sometimes gain power by taking damage.


Message History

The oklob plant is heavily damaged.
Unknown command.
You hit the oklob plant but do no damage.
You drain the oklob plant.
The oklob plant is heavily damaged.
You hit the oklob plant.
The oklob plant is heavily damaged.
A yak comes into view.
Unknown command.
The yak bellows!
You hit the oklob plant but do no damage.
You drain the oklob plant.
You headbutt the oklob plant, but do no damage.
The oklob plant is severely damaged.
You hear a bellow! x2
The oklob plant spits acid at you. The splash of acid hits you!!
You focus on the pain.
You feel very mighty all of a sudden. The acid corrodes you!
You slash the oklob plant! You drain the oklob plant.
You headbutt the oklob plant.
The oklob plant is almost destroyed.
The oklob plant spits acid at you. The splash of acid hits you!!
* * * LOW HITPOINT WARNING * * *
You hit the oklob plant but do no damage.
The oklob plant is almost destroyed.
You slash the yak! The oklob plant spits acid at you.
The splash of acid hits you!
* * * LOW HITPOINT WARNING * * *
The acid corrodes you! You block the yak's attack.
You hit the oklob plant but do no damage.
You drain the oklob plant.
The oklob plant is almost destroyed.
You hit the yak. You drain the yak.
A yak comes into view.
The oklob plant spits acid at you. The splash of acid hits you!!
You die...

##...##.#
##.....## ##
#####..# #.. #
##.# #..
#######. #..
#..#.Y.≈... ##.
#....#...# ##
#...##PY.##...
# #.#...@.P...#
# #.#≈...>PP.≈#
#######
##.#....PP...#
.......
#....##PPP##...
......(
#.....#...#....
.......
#...#...≈...# .
.......
#....#######.
.......
####..........#
. .......
#............<#
.......


You could see an oklob plant (drained) and 2 yaks.

Vanquished Creatures
  A centaur warrior (D:8)
  A two-headed ogre (D:9)
  Joseph (D:9)
  Prince Ribbit (D:6)
  A hornet (D:8)
  Grinder (D:6)
  Sigmund (D:6)
  8 yaks
  A steam dragon (D:6)
  2 water moccasins (D:9)
  6 black bears
  3 sky beasts
  2 orc warriors
  A necrophage (D:7)
  2 ice beasts
  3 ogres
  5 centaurs
  A phantom (D:5)
  Blork the orc (D:5)
  3 kobold brigands
  4 bullfrogs
  A wyvern zombie (D:8)
  4 gnoll sergeants
  2 scorpions (D:6)
  A killer bee (D:7)
  7 wights
  A centaur zombie (D:8)
  6 hounds
  A bullfrog skeleton (D:5)
  3 centaur skeletons
  3 gnoll shamans (D:6)
  4 orc priests
  A jelly (D:7)
  Jessica (D:2)
  2 iguanas
  Ijyb (D:4)
  5 orc wizards
  A killer bee zombie (D:8)
  A hound zombie (D:5)
  A hound skeleton (D:4)
  A howler monkey zombie (D:7)
  33 gnolls
  4 adders
  A white imp (D:7)
  An ufetubus (D:6)
  An adder zombie (D:5)
  2 worms
  2 dart slugs
  23 orcs
  5 bats
  4 endoplasms
  3 giant cockroaches
  7 goblins
  8 hobgoblins
  15 jackals
  5 quokkas
  6 ball pythons
  3 frilled lizards
  15 kobolds
  3 rats
  2 toadstools (D:5)
239 creatures vanquished.

Vanquished Creatures (others)
  An orc wizard (D:8)
  5 fungi (D:5)
  11 plants
  A toadstool (D:5)
18 creatures vanquished.

Grand Total: 257 creatures vanquished

Notes
Turn   | Place    | Note
-------+----------+-------------------------------------------
     0 | D:1      | cbfl8 the Demonspawn Fighter began the quest for the Orb.
     0 | D:1      | Reached XP level 1. HP: 18/18 MP: 1/1
   265 | D:1      | Gained mutation: You sometimes gain a little power by
                  | taking damage. [demonic ancestry]
   265 | D:1      | Reached XP level 2. HP: 22/24 MP: 2/2
   388 | D:1      | Found a faded altar of an unknown god.
   401 | D:1      | Reached skill level 2 in Axes
   910 | D:2      | Noticed Jessica
   915 | D:2      | Killed Jessica
   916 | D:2      | Reached skill level 1 in Evocations
   916 | D:2      | Reached XP level 3. HP: 18/29 MP: 3/3
  1221 | D:2      | Gained mutation: You have a pair of small horns on your
                  | head. [demonic ancestry]
  1221 | D:2      | Reached XP level 4. HP: 21/35 MP: 4/4
  1776 | D:2      | Reached skill level 3 in Axes
  2209 | D:3      | Found Deras's Distillery.
  2215 | D:3      | Bought a potion of heal wounds for 60 gold pieces
  2432 | D:3      | Gained mutation: You may rarely emit foul miasma when
                  | damaged in melee. [demonic ancestry]
  2432 | D:3      | Reached XP level 5. HP: 38/41 MP: 5/5
  2799 | D:4      | Noticed cbfl8's ghost (novice GrBe)
  2820 | D:4      | Noticed an ogre
  2825 | D:4      | Identified the +1 scale mail of Exclusion {Harm Rampage
                  | Dex+3}
  2829 | D:4      | Killed an ogre
  3031 | D:4      | Gained mutation: You sometimes gain power by taking damage.
                  | [demonic ancestry]
  3031 | D:4      | Reached XP level 6. HP: 48/48 MP: 6/6
  3156 | D:4      | Found a transporter.
  3175 | D:4      | Reached skill level 4 in Axes
  3205 | D:4      | Noticed Ijyb
  3213 | D:4      | Killed Ijyb
  3371 | D:4      | Found a bloodstained altar of Trog.
  3699 | D:5      | Entered Level 5 of the Dungeon
  3708 | D:5      | Reached XP level 7. HP: 53/53 MP: 7/7
  3759 | D:5      | Noticed Blork the orc
  3769 | D:5      | Killed Blork the orc
  3770 | D:5      | Reached skill level 5 in Axes
  4238 | D:5      | Gained mutation: You sometimes emit foul miasma when
                  | damaged in melee. [demonic ancestry]
  4238 | D:5      | Reached XP level 8. HP: 60/60 MP: 8/8
  4426 | D:5      | Reached skill level 6 in Axes
  4918 | D:6      | Found Jorunk's Antique Armour Shop.
  4935 | D:6      | Reached skill level 5 in Armour
  5290 | D:6      | Noticed Sigmund
  5477 | D:6      | Killed Sigmund
  5478 | D:6      | Reached skill level 7 in Axes
  5478 | D:6      | Reached skill level 5 in Evocations
  5568 | D:6      | Reached XP level 9. HP: 66/66 MP: 9/9
  5574 | D:6      | Noticed Grinder
  5582 | D:6      | Killed Grinder
  5665 | D:6      | Found Niugih's Book Boutique.
  6573 | D:6      | Reached skill level 5 in Fighting
  6580 | D:6      | Noticed Prince Ribbit
  6591 | D:6      | Killed Prince Ribbit
  6719 | D:6      | Reached skill level 8 in Axes
  7161 | D:6      | Identified 3 scrolls of acquirement
  7162 | D:6      | Acquired the ring of the Philosopher {Drain Fly Will+ SInv
                  | Stlth+}
  7166 | D:6      | Acquired a manual of Fighting
  7168 | D:6      | Acquired 815 gold pieces
  7256 | D:3      | Bought a potion of experience for 600 gold pieces
  7256 | D:3      | Reached skill level 9 in Axes
  7256 | D:3      | Reached skill level 5 in Shields
  7256 | D:3      | Reached XP level 10. HP: 80/80 MP: 10/10
  7638 | D:7      | Found a staircase to the Ecumenical Temple.
  7664 | Temple   | Entered the Ecumenical Temple
  8202 | D:7      | Found a shadowy altar of Dithmenos.
  8203 | D:7      | Found a hazy altar of Hepliaklqana.
  8455 | D:8      | Found an iron altar of Okawaru.
  8534 | D:8      | Noticed a centaur warrior
  8543 | D:8      | Reached XP level 11. HP: 37/86 MP: 11/11
  8551 | D:8      | Killed a centaur warrior
  9454 | D:9      | Noticed Joseph
  9467 | D:9      | Killed Joseph
  9618 | D:9      | Noticed a two-headed ogre
  9631 | D:9      | Killed a two-headed ogre
  9632 | D:9      | Reached skill level 10 in Axes
 10122 | D:9      | Found a radiant altar of Vehumet.
 10515 | D:7      | Became a worshipper of Hepliaklqana the Forgotten
 10665 | D:10     | Entered Level 10 of the Dungeon
 10694 | D:10     | Found Qarph's Book Shoppe.
 10711 | D:10     | Found a sacrificial altar of Ru.
 10810 | D:10     | Noticed an oklob plant
 10811 | D:10     | Found a staircase to the Lair.
 10830 | D:10     | Killed from afar by an oklob plant

Illustrated notes

Levels and vault maps discovered:
D:1:      scummos_arrival_gate, layout_rooms,
          hellmonk_ecumenical_altar_arch_garden
D:2:      layout_loops_ring, kennysheep_generic_room_4, uniq_jessica
D:3:      layout_loops_corners, serial_shops, shop
D:4:      layout_loops_ring, mainiacjoe_overflow_six_doors_small,
          gammafunk_ghost_gnarly_gnolls, uniq_ijyb
D:5:      layout_basic, minmay_gold_behind_fungi, minmay_misc_feat_pillars,
          uniq_blork_the_orc
D:6:      layout_cave_pools, serial_shops, nicolae_shop_stone,
          serial_gnoll_camp, gnoll_camp_mini_hut, gnoll_camp_medium_01,
          gnoll_camp_mini_shop, gnoll_camp_mini_hut, gnoll_camp_huts_moat,
          uniq_grinder, uniq_prince_ribbit1, uniq_sigmund
D:7:      layout_loops_ring, riverfiend_overflow_shadow_ancestor, temple_pool_b,
          st_stairs_3, kennysheep_path_1
D:8:      layout_basic, mainiacjoe_overflow_24_doors, kennysheep_generic_room_13
D:9:      layout_loops_ring, mainiacjoe_overflow_tiny_flanked, uniq_joseph
D:10:     layout_roguey, nicolae_ru_great_annihilating_truth,
          lemuel_crystal_altar, dpeg_oklobed_lair, serial_shops,
          nicolae_shop_crystal, minmay_statues_item
Temple:   minmay_freezing_vapour_temple

Skill      XL: |  1  2  3  4  5  6  7  8  9 10 11 |
---------------+----------------------------------+-----
Axes           | 2 3 4 5 7 9 10 | 10.2
Armour         | 3 4 5 7 8 |  8.4
Evocations     | 1 2 3 5 8 9 |  9.2
Shields        | 3 5 6 |  6.5
Fighting       | 4 7 8 |  8.7
Unarmed Combat | |  0.1

Action                   |  1- 3 |  4- 6 |  7- 9 | 10-12 || total
-------------------------+-------+-------+-------+-------++-------
Melee: War axe           |    86 |   113 |   166 |       ||   365
       Headbutt          |       |    21 |    48 |    67 ||   136
       Broad axe         |       |       |       |   269 ||   269
       Unarmed           |       |       |       |     8 ||     8
  Use: Scroll            |       |     8 |     5 |     3 ||    16
       Potion            |       |       |     5 |     2 ||     7
 Stab: Distracted        |       |       |     2 |       ||     2
       Paralysed         |       |       |       |     2 ||     2
       Confused          |       |       |       |     1 ||     1
Armor: Scale mail        |    28 |       |       |       ||    28
       Chain mail        |    37 |    96 |   123 |   140 ||   396
Dodge: Dodged            |    33 |    49 |    71 |    64 ||   217
Block: Buckler           |    16 |    27 |    56 |       ||    99
       Kite shield       |       |       |       |   172 ||   172
